 Dungeon Crawl Stone Soup version 0.28-a0-643-g84cb2ea78e (webtiles) character file.

Game seed: 4787795030114357158

1135 ytrimaz the Cleaver (level 8, -10/71 HPs)
             Began as a Hill Orc Fighter on Oct 11, 2021.
             Was a Follower of Beogh.
             Killed from afar by an orc warrior (33 damage)
             ... with a bolt of acid
             ... on level 5 of the Dungeon.
             The game lasted 00:07:41 (4989 turns).

ytrimaz the Cleaver (Hill Orc Fighter)              Turns: 4989, Time: 00:07:42

Health: -10/71     AC:  8    Str: 21    XL:     8   Next: 36%
Magic:  8/8        EV: 24    Int:  8    God:    Beogh [*.....]
Gold:   194        SH:  4    Dex: 10    Spells: 7/7 levels left

rFire   . . .      SeeInvis .   a - +0 war axe
rCold   . . .      Faith    .   c - +0 buckler
rNeg    . . .      Spirit   .   b - +0 scale mail
rPois   .          Reflect  .   i - +0 helmet
rElec   .          Harm     .   (no cloak)
rCorr   .          Rampage  .   (no gloves)
Will    .....                   (no boots)
Stlth   ..........              f - amulet of the acrobat
HPRegen 0.21/turn               (no ring)
MPRegen 0.11/turn               (no ring)

@: acrobatic
A: no striking features
a: Renounce Religion


You were on level 5 of the Dungeon.
You worshipped Beogh.
Beogh was aware of your devotion.
You visited 1 branch of the dungeon, and saw 6 of its levels.

You collected 306 gold pieces.
You spent 112 gold pieces at shops.

Inventory:

Hand Weapons
 a - a +0 war axe (weapon)
Armour
 b - a +0 scale mail (worn)
 c - a +0 buckler (worn)
 i - a +0 helmet (worn)
Jewellery
 f - an amulet of the acrobat (around neck)
 o - a ring of fire
Wands
 h - a wand of acid (11)
Scrolls
 e - a scroll of brand weapon {unknown}
 g - a scroll of fog
 j - a scroll of holy word
 k - a scroll of enchant weapon
 m - 6 scrolls of teleportation
Potions
 d - a potion of mutation
 l - 2 potions of invisibility
 n - 2 potions of curing
 p - a potion of haste


   Skills:
 * Level 6.4 Fighting
 * Level 9.8 Axes
 + Level 5.0 Armour
 - Level 4.4 Shields
 * Level 1.2 Invocations


You had 7 spell levels left.
You didn't know any spells.
Your spell library contained the following spells:

 Spells                   Type           Power      Damage    Failure   Level
 Call Canine Familiar     Summ           0%         N/A       98%         3
 Portal Projectile        Hex/Tloc       0%         N/A       98%         3
 Leda's Liquefaction      Hex/Erth       0%         N/A       100%        4


Dungeon Overview and Level Annotations

Branches:
Dungeon (6/15)
 Temple: D:4-7

Altars:
Cheibriados

Shops:
D:3 *   D:4 !([**

Annotations:
D:5 3 runed translucent doors, HilariousDeathArtist's ghost, amateur SpWr


Message History

The orc warrior closely misses you.
You see here 6 boomerangs.
You hit the orc warrior.
The orc warrior is lightly wounded.
An orc comes into view. It is wielding a +0 flail.
The orc warrior hits you with a +0 mace!
The orc shouts!
You hit the orc warrior.
The orc warrior is moderately wounded.
The orc wizard mumbles some strange words.
The orc wizard flickers and vanishes!
Deactivating autopickup; reactivate with Ctrl-A.
The orc warrior barely misses you.
The orc warrior zaps a wand.
The bolt of acid hits you!! The acid corrodes you!
There is a stone staircase leading up here.
The orc warrior hits you with a +0 mace.
* * * LOW HITPOINT WARNING * * *
You climb upwards.
Level annotation: 3 runed translucent doors, HilariousDeathArtist's ghost, amateur SpWr Reactivating autopickup.
There is a stone staircase leading down here.
You feel better.
The orc warrior hits you with a +0 mace!
* * * LOW HITPOINT WARNING * * *
Okay, then.
As you read the scroll of teleportation, it crumbles to dust.
You feel strangely unstable.
The orc warrior hits you with a +0 mace!
* * * LOW HITPOINT WARNING * * *
Unknown command.
Your surroundings suddenly seem different.
You start resting.
You are no longer corroded.
You start resting.
An orc warrior is nearby!
An orc warrior is nearby!
The orc warrior shouts!
The orc warrior zaps a wand.
The bolt of acid hits you!!
You die...
Beogh appreciates the orc warrior's killing of a heretic priest.

#...#...######..#####..
##.....###.#....## ##..
######..###........###..#
#..##...###....##..#....#
#.......#...(.##.........
#...#......#.............
#..........#.....#......#
#....o##...#....##......#
####....@.##....###......
#..#...#.....# #..#...
##.#####<....# ##.#...
### ####### #..... #..#..
##...# #####


You could see an orc warrior.

Vanquished Creatures
  Sigmund (D:2)
  A sky beast (D:5)
  An orc warrior (D:6)
  A black bear (D:5)
  A centaur (D:4)
  A phantom (D:3)
  3 scorpions
  2 bullfrog skeletons (D:5)
  A jelly (D:4)
  Jessica (D:2)
  2 iguanas (D:4)
  2 orc wizards (D:6)
  A killer bee zombie (D:5)
  A hound skeleton (D:5)
  3 adders
  4 gnolls (D:3)
  A worm (D:5)
  2 dart slugs (D:4)
  4 orcs
  7 bats
  6 endoplasms
  3 giant cockroaches
  8 goblins
  2 hobgoblins
  3 quokkas
  7 ball pythons
  3 frilled lizards
  2 kobolds
  A quokka skeleton (D:3)
  11 rats
86 creatures vanquished.

Vanquished Creatures (others)
  An orc (D:4)
1 creature vanquished.

Grand Total: 87 creatures vanquished

Notes
Turn   | Place    | Note
-------+----------+-------------------------------------------
     0 | D:1      | ytrimaz the Hill Orc Fighter began the quest for the Orb.
     0 | D:1      | Reached XP level 1. HP: 19/19 MP: 1/1
   167 | D:1      | Reached XP level 2. HP: 24/27 MP: 2/2
   168 | D:1      | Reached skill level 3 in Axes
   895 | D:2      | Found a faded altar of an unknown god.
   912 | D:2      | Reached XP level 3. HP: 32/33 MP: 3/3
  1072 | D:2      | Noticed Sigmund
  1085 | D:2      | Killed Sigmund
  1086 | D:2      | Reached skill level 5 in Axes
  1086 | D:2      | Reached XP level 4. HP: 8/41 MP: 4/4
  1086 | D:2      | Reached XP level 5. HP: 9/47 MP: 5/5
  1092 | D:2      | HP: 2/47 [poisoned by Sigmund]
  1771 | D:2      | Reached skill level 6 in Axes
  1772 | D:2      | Reached skill level 5 in Fighting
  1824 | D:2      | Noticed Jessica
  1829 | D:2      | Killed Jessica
  1830 | D:2      | Reached XP level 6. HP: 54/56 MP: 6/6
  2420 | D:3      | Reached skill level 7 in Axes
  2739 | D:3      | Found a snail-covered altar of Cheibriados.
  2895 | D:3      | Found Bugyx's General Store.
  2935 | D:4      | Noticed an orc warrior
  2935 | D:4      | Found Leoz Faak's Distillery.
  2938 | D:4      | Became a worshipper of Beogh the Brigand
  2970 | D:4      | Bought a potion of mutation for 112 gold pieces
  3039 | D:4      | Found Qimuestri's Antique Weapon Shop.
  3046 | D:4      | Found Asetaj's Antique Armour Emporium.
  3103 | D:4      | Found Viqenn's General Store.
  3343 | D:4      | Reached XP level 7. HP: 61/61 MP: 7/7
  3360 | D:4      | Found Enyc's General Store.
  3529 | D:5      | Entered Level 5 of the Dungeon
  3631 | D:5      | Reached skill level 8 in Axes
  3998 | D:5      | Reached skill level 9 in Axes
  3998 | D:5      | Reached XP level 8. HP: 44/70 MP: 8/8
  4320 | D:5      | Found a runed translucent gate.
  4320 | D:5      | Found a runed translucent gate.
  4321 | D:5      | Found a runed translucent gate.
  4321 | D:5      | Noticed HilariousDeathArtist's ghost (amateur SpWr)
  4625 | D:6      | Reached * piety under Beogh
  4631 | D:6      | Reached skill level 5 in Armour
  4631 | D:6      | Reached skill level 1 in Invocations
  4989 | D:5      | Killed from afar by an orc warrior

Illustrated notes

Levels and vault maps discovered:
D:1:      dpeg_arrival_pits, layout_loops_ring
D:2:      layout_loops_cross, basic_ecumenical_altar,
          kennysheep_generic_room_12, uniq_sigmund, uniq_jessica
D:3:      minmay_evil_eye, layout_basic, lemuel_tele_altar, serial_shops,
          nicolae_shop_window_shopping
D:4:      layout_rooms, serial_shops, nicolae_shop_crystal, shop,
          nicolae_take_the_stairs, shop_fountains, shop
D:5:      layout_cave_pools, gammafunk_ghost_nasty_kobolds
D:6:      layout_cave_pods, minmay_temple_entry_butterflies

Skill      XL: |  1  2  3  4  5  6  7  8 |
---------------+-------------------------+-----
Axes           | 3 5 6 7 9 |  9.8
Fighting       | 4 5 6 |  6.4
Armour         | 4 5 |  5.0
Shields        | 4 |  4.4
Invocations    | 1 |  1.2

Action                   |  1- 3 |  4- 6 |  7- 9 || total
-------------------------+-------+-------+-------++-------
Melee: War axe           |    94 |   142 |    97 ||   333
Invok: Convert to Beogh  |       |     1 |       ||     1
  Use: Scroll            |       |     6 |     5 ||    11
       Potion            |       |     2 |     1 ||     3
Armor: Scale mail        |    57 |    39 |    59 ||   155
Dodge: Dodged            |    45 |    93 |    50 ||   188
Block: Buckler           |    26 |    39 |    34 ||    99

Table legend: (Time is in decaauts)
 A = Elapsed time spent in this place.
 B = Non-inter-level travel time spent in this place.
 C = Inter-level travel time spent in this place.
 D = Time resting spent in this place.
 E = Time spent auto-exploring this place.
 F = Levels seen in this place.
 G = Mean time per level.
                   A        B        C        D        E       F      G
               +--------+--------+--------+--------+--------+-----+--------+
         Total |   5057 |   4956 |    101 |   1381 |   2518 |   6 |  842.8 |
       Dungeon |   5057 |   4956 |    101 |   1381 |   2518 |   6 |  842.8 |
               +--------+--------+--------+--------+--------+-----+--------+

Top non-repeatable levels by time:
     D:2: 1185 daAuts
     D:5: 1165 daAuts
     D:3: 914 daAuts
     D:1: 890 daAuts
     D:4: 768 daAuts
     D:6: 133 daAuts
